[Event "CN Seniori 2012"]
[Site "Sarata Monteoru/Romania"]
[Date "2012.02.17"]
[Round "6.11"]
[White "Danilov, Vladimir"]
[Black "Gilea, Lucian"]
[Result "0-1"]
[ECO "D02"]
[WhiteElo "2440"]
[BlackElo "2261"]
[Annotator "Robot 8"]
[PlyCount "156"]
[EventDate "2012.??.??"]
[TimeControl "40/5400+30:900+30"]

1. d4 Nf6 2. g3 g6 3. Bg2 d5 4. Nf3 Bg7 5. O-O O-O 6. Nbd2 c5 7. dxc5 Na6 8.
Nb3 Ne4 9. Ng5 Nxg5 10. Bxg5 Bxb2 11. Rb1 Bg7 12. Qxd5 Qxd5 13. Bxd5 Nb4 14.
Bf3 Nxa2 15. Na5 Nc3 16. Rb3 Bh3 17. Bxe7 Rfe8 18. Rxb7 Bxf1 19. Kxf1 Bf8 20.
Bxf8 Kxf8 21. Bc6 Reb8 22. Rc7 Rc8 23. Rd7 Rab8 24. Rd3 Rb1+ 25. Kg2 Nxe2 26.
c4 Nc1 27. Ra3 Rb2 28. Bd5 Rxc5 29. Nc6 Ra2 30. Rf3 f5 31. g4 Ne2 32. gxf5 g5
33. Ne5 Rc7 34. c5 Ra1 35. c6 Ra5 36. Nd7+ Rxd7 37. cxd7 Rxd5 38. Re3 Nf4+ 39.
Kf3 Rxd7 40. Kg4 h6 41. Ra3 Nd5 42. h4 Nf6+ 43. Kg3 gxh4+ 44. Kxh4 Rd5 45. Rxa7
Rxf5 46. Ra2 Kf7 47. Kg3 Ne4+ 48. Kg2 Kg6 49. f3 Rg5+ 50. Kh2 Nc5 51. Kh3 Kh5
52. Rc2 Nd3 53. Rc4 Nf2+ 54. Kh2 Nd1 55. Kh3 Ne3 56. Re4 Nf1 57. Rh4+ Kg6 58.
Rf4 Rg3+ 59. Kh4 Rg2 60. Rf8 Kg7 61. Ra8 Rg6 62. Ra1 Ne3 63. Ra7+ Kf6 64. f4
Ng2+ 65. Kh5 Nxf4+ 66. Kh4 Ne6 67. Ra6 Rg1 68. Kh5 Rh1+ 69. Kg4 h5+ 70. Kg3 Re1
71. Kh4 Re5 72. Rb6 Kg6 73. Ra6 Re4+ 74. Kg3 Kf5 75. Ra5+ Re5 76. Ra8 Ng7 77.
Rg8 Kg6 78. Kh3 Re8 0-1

[Event "CN Seniori 2012"]
[Site "Sarata Monteoru/Romania"]
[Date "2012.02.17"]
[Round "6.12"]
[White "Craciun, Ovidiu"]
[Black "Manea, Alexandru"]
[Result "0-1"]
[ECO "B01"]
[WhiteElo "2060"]
[BlackElo "2429"]
[Annotator "Robot 8"]
[PlyCount "52"]
[EventDate "2012.??.??"]
[TimeControl "40/5400+30:900+30"]

1. e4 d5 2. exd5 Qxd5 3. Nc3 Qd6 4. d4 Nf6 5. Nf3 a6 6. d5 b5 7. Qd4 c5 8. dxc6
Qxd4 9. Nxd4 e5 10. Ndxb5 axb5 11. Bxb5 Bb4 12. Be3 Nd5 13. O-O-O Nxe3 14. fxe3
Bxc3 15. bxc3 Ke7 16. a4 Ra7 17. Rd5 f6 18. Rhd1 Be6 19. Rd6 Rc8 20. Kb2 Rac7
21. a5 Nxc6 22. Rxc6 Rxc6 23. Ra1 Ra6 24. Ra4 Kd6 25. c4 Kc5 26. Kc3 f5 0-1

[Event "CN Seniori 2012"]
[Site "Sarata Monteoru/Romania"]
[Date "2012.02.17"]
[Round "6.13"]
[White "Daianu, Cristian-Clement"]
[Black "Petrisor, Adrian-Marian"]
[Result "0-1"]
[ECO "B90"]
[WhiteElo "2242"]
[BlackElo "2385"]
[Annotator "Robot 8"]
[PlyCount "54"]
[EventDate "2012.??.??"]
[TimeControl "40/5400+30:900+30"]

1. e4 c5 2. Nf3 d6 3. d4 cxd4 4. Nxd4 Nf6 5. Nc3 a6 6. Rg1 g6 7. g4 Bg7 8. Be3
O-O 9. Be2 b5 10. g5 Nfd7 11. f4 Bb7 12. Qd2 Nc5 13. Bf3 Nbd7 14. O-O-O Nb6 15.
Qe2 Nc4 16. e5 Qc7 17. Bxb7 Qxb7 18. Nb3 Ne6 19. Nd4 Nxf4 20. Bxf4 dxe5 21. Bg3
exd4 22. Ne4 Ne3 23. Qf3 Kh8 24. Rd3 Rac8 25. Kb1 Nxc2 26. h4 Nb4 27. Rdd1 Qd5
0-1

[Event "CN Seniori 2012"]
[Site "Sarata Monteoru/Romania"]
[Date "2012.02.17"]
[Round "6.14"]
[White "Anton, Teodor"]
[Black "Lupascu, Matei-Alexandru"]
[Result "1-0"]
[ECO "B07"]
[WhiteElo "2393"]
[BlackElo "1979"]
[Annotator "Robot 8"]
[PlyCount "50"]
[EventDate "2012.??.??"]
[TimeControl "40/5400+30:900+30"]

1. d4 Nf6 2. Nf3 g6 3. Nbd2 Bg7 4. e4 d6 5. Bd3 O-O 6. O-O Nbd7 7. Re1 e5 8. c3
a6 9. a4 Re8 10. a5 c5 11. Nc4 Qc7 12. dxe5 Nxe5 13. Nfxe5 dxe5 14. Nb6 Rb8 15.
Bc4 Bd7 16. Nxd7 Nxd7 17. Qb3 Nf8 18. Be3 Ne6 19. g3 Bf8 20. Red1 Rbd8 21. Kg2
Rd6 22. Rxd6 Qxd6 23. Qxb7 Rb8 24. Qxa6 Qxa6 25. Bxa6 Rxb2 1-0

[Event "CN Seniori 2012"]
[Site "Sarata Monteoru/Romania"]
[Date "2012.02.17"]
[Round "6.15"]
[White "Parligras, Mircea-Emilian"]
[Black "Neagu, Liviu"]
[Result "1-0"]
[ECO "E90"]
[WhiteElo "2650"]
[BlackElo "2122"]
[Annotator "Robot 8"]
[PlyCount "63"]
[EventDate "2012.??.??"]
[TimeControl "40/5400+30:900+30"]

1. d4 Nf6 2. c4 g6 3. Nc3 Bg7 4. e4 d6 5. h3 O-O 6. Nf3 Na6 7. Be3 c5 8. d5 Qa5
9. Nd2 e5 10. g4 Bd7 11. Be2 Nc7 12. a4 Na6 13. h4 Nb4 14. f3 Ne8 15. h5 f5 16.
hxg6 hxg6 17. gxf5 gxf5 18. Nb3 Qd8 19. Kd2 f4 20. Bf2 a6 21. Qg1 Rf7 22. Qg6
Kf8 23. Nxc5 Qf6 24. Nxd7+ Rxd7 25. Qxf6+ Bxf6 26. a5 Rg7 27. Ra4 Rg2 28. Bh4
Nc6 29. Rb4 Ra7 30. Bxf6 Nxf6 31. Rb6 Ke7 32. Rxc6 1-0

[Event "CN Seniori 2012"]
[Site "Sarata Monteoru/Romania"]
[Date "2012.02.17"]
[Round "6.16"]
[White "Bonte, Andrei-Mihai"]
[Black "Dumitrascu, Cornel"]
[Result "0-1"]
[ECO "E20"]
[WhiteElo "2380"]
[BlackElo "2086"]
[Annotator "Robot 8"]
[PlyCount "106"]
[EventDate "2012.??.??"]
[TimeControl "40/5400+30:900+30"]

1. d4 e6 2. c4 Nf6 3. Nc3 Bb4 4. Nf3 c5 5. g3 cxd4 6. Nxd4 Ne4 7. Qd3 Bxc3+ 8.
bxc3 Nc5 9. Qf3 d6 10. Bg2 e5 11. Nf5 Qf6 12. Ne3 Qxf3 13. Bxf3 Nba6 14. Rb1
Rb8 15. O-O Be6 16. Rd1 Ke7 17. Ba3 Rhd8 18. h4 b6 19. Rd2 Rbc8 20. Rbd1 Nb8
21. g4 h6 22. Bd5 Nba6 23. f3 Nc7 24. Bxe6 fxe6 25. Nf1 Ne8 26. Ng3 Nb7 27. Ne4
Rxc4 28. Rd3 Ra4 29. Bc1 Nc5 30. Nxc5 bxc5 31. a3 Rb8 32. h5 Rb6 33. Kf2 e4 34.
R3d2 Nf6 35. Rc2 Rc4 36. g5 hxg5 37. Bxg5 Kf7 38. Bxf6 Kxf6 39. Ke3 exf3 40.
exf3 Rh4 41. a4 d5 42. Rg1 Rxh5 43. Rcg2 g5 44. Kd3 Rb3 45. Kc2 Ra3 46. Rg4 c4
47. Kb2 Rxa4 48. f4 gxf4 49. Rxf4+ Rf5 50. Rfg4 Rf2+ 51. Kb1 Raa2 52. Rg6+ Ke5
53. Re1+ Rae2 0-1

[Event "CN Seniori 2012"]
[Site "Sarata Monteoru/Romania"]
[Date "2012.02.17"]
[Round "6.17"]
[White "Telea, Stefan"]
[Black "Balla, Tamas-Kristof"]
[Result "1/2-1/2"]
[ECO "D02"]
[WhiteElo "2112"]
[BlackElo "2377"]
[Annotator "Robot 8"]
[PlyCount "97"]
[EventDate "2012.??.??"]
[TimeControl "40/5400+30:900+30"]

1. Nf3 c5 2. g3 Nc6 3. d4 cxd4 4. Nxd4 d5 5. Bg2 Nf6 6. O-O Qb6 7. Nxc6 bxc6 8.
c4 Bb7 9. Nc3 Rd8 10. Qa4 Qa6 11. Qxa6 Bxa6 12. cxd5 cxd5 13. Be3 Rd7 14. Bd4
e6 15. Rfd1 Be7 16. e4 dxe4 17. Nxe4 Nxe4 18. Bxe4 O-O 19. Be3 Rfd8 20. Rxd7
Rxd7 21. Rb1 f5 22. Bf3 e5 23. b4 e4 24. b5 Bb7 25. Be2 Ba8 26. Bc4+ Kf8 27.
Be6 Rc7 28. Bxf5 Bd5 29. a4 g6 30. Bh3 Rc4 31. a5 Bc5 32. Bf1 Rc2 33. b6 Bxe3
34. fxe3 axb6 35. axb6 Bb7 36. Bb5 Ke7 37. Ba4 Rc4 38. Bb5 Rc5 39. Rb2 Rc1+ 40.
Kf2 Kd6 41. h4 Kc5 42. Bf1 Rc3 43. g4 h6 44. Bg2 Ra3 45. g5 hxg5 46. hxg5 Ra5
47. Kg3 Kc4 48. Bf1+ Kc3 49. Rb5 1/2-1/2

[Event "CN Seniori 2012"]
[Site "Sarata Monteoru/Romania"]
[Date "2012.02.17"]
[Round "6.18"]
[White "Posedaru, Bogdan"]
[Black "Stegariu, Alexandru"]
[Result "1/2-1/2"]
[ECO "A41"]
[WhiteElo "2337"]
[BlackElo "2122"]
[Annotator "Robot 8"]
[PlyCount "53"]
[EventDate "2012.??.??"]
[TimeControl "40/5400+30:900+30"]

1. d4 d6 2. c4 e5 3. d5 g6 4. e4 Bg7 5. g3 Ne7 6. Bh3 Nd7 7. Nc3 O-O 8. Nge2 f5
9. O-O Nf6 10. exf5 Nxf5 11. Bg2 a5 12. Qd3 b6 13. f4 Nd7 14. Qc2 Nd4 15. Qd1
Nc5 16. Be3 Bg4 17. h3 Bxe2 18. Nxe2 Nxe2+ 19. Qxe2 Qe7 20. Bd4 Rae8 21. Rae1
Qd7 22. fxe5 Rxf1+ 23. Qxf1 Bxe5 24. Bxe5 Rxe5 25. Rxe5 dxe5 26. Qe2 Qe7 27. d6
1/2-1/2

[Event "CN Seniori 2012"]
[Site "Sarata Monteoru/Romania"]
[Date "2012.02.18"]
[Round "7.1"]
[White "Nevednichy, Vladislav"]
[Black "Szabo, Szabo Gergely-Andra"]
[Result "1-0"]
[ECO "C43"]
[WhiteElo "2546"]
[BlackElo "2554"]
[PlyCount "81"]
[EventDate "2012.??.??"]
[TimeControl "5400"]

1. e4 e5 2. Nf3 Nf6 3. d4 Nxe4 4. Bd3 d5 5. dxe5 Be7 6. O-O Nc5 7. Be2 Ne6 8.
c3 c5 9. c4 d4 10. Ne1 Nc6 11. Nd3 Nc7 12. f4 Bf5 13. g4 Bxd3 14. Bxd3 g5 15.
Qe2 gxf4 16. Bxf4 Ne6 17. Bg3 Bg5 18. Nd2 Bxd2 19. Qxd2 h5 20. gxh5 Rxh5 21.
Rf6 Nxe5 22. Raf1 Qe7 23. Be4 Rg5 24. Bd5 Rxg3+ 25. hxg3 O-O-O 26. Qe2 Ng5 27.
Kg2 Qc7 28. R6f5 f6 29. Rxf6 Nh7 30. Re6 Nd7 31. Re7 Nhf8 32. Rff7 Qd6 33. Bf3
Qg6 34. Be4 Qd6 35. Qf3 Kb8 36. Qb3 b6 37. Qf3 Kc7 38. Bf5 Qh6 39. g4 Qd2+ 40.
Kg3 Qxb2 41. Rxf8 1-0

[Event "CN Seniori 2012"]
[Site "Sarata Monteoru/Romania"]
[Date "2012.02.18"]
[Round "7.2"]
[White "Berescu, Alin-Mile"]
[Black "Manolache, Marius"]
[Result "1/2-1/2"]
[ECO "B42"]
[WhiteElo "2488"]
[BlackElo "2552"]
[PlyCount "83"]
[EventDate "2012.??.??"]
[TimeControl "5400"]

1. e4 c5 2. Nf3 e6 3. d4 cxd4 4. Nxd4 a6 5. Bd3 Bc5 6. Nb3 Be7 7. Qg4 g6 8. Qe2
d6 9. a4 Nc6 10. Nc3 Bd7 11. a5 Ne5 12. Na4 Bxa4 13. Rxa4 Qd7 14. Ra1 Nf6 15.
O-O O-O 16. Bd2 Rac8 17. Bc3 Nxd3 18. cxd3 e5 19. Nd2 Nh5 20. Nc4 Nf4 21. Qf3
Qb5 22. Nb6 Rc6 23. Rfd1 Bd8 24. g3 Nh3+ 25. Kg2 Ng5 26. Qe3 f5 27. f4 exf4 28.
gxf4 Bxb6 29. axb6 Ne6 30. Rf1 Qxb6 31. Qe1 Qb3 32. Kh1 fxe4 33. f5 Rxf5 34.
Rxf5 gxf5 35. Qg3+ Kf7 36. Rg1 Rc8 37. dxe4 Qc2 38. exf5 Qe4+ 39. Qg2 Nc5 40.
Qxe4 Nxe4 41. Rg7+ Kf8 42. Rxh7 1/2-1/2

[Event "CN Seniori 2012"]
[Site "Sarata Monteoru/Romania"]
[Date "2012.02.18"]
[Round "7.4"]
[White "Petrisor, Adrian-Marian"]
[Black "Vajda, Levente"]
[Result "0-1"]
[ECO "E90"]
[WhiteElo "2385"]
[BlackElo "2594"]
[PlyCount "102"]
[EventDate "2012.??.??"]
[TimeControl "5400"]

1. d4 Nf6 2. c4 g6 3. Nc3 Bg7 4. e4 d6 5. Nf3 O-O 6. h3 Nbd7 7. Bg5 e5 8. d5 a5
9. g4 Nc5 10. Nd2 c6 11. Be2 cxd5 12. cxd5 Bd7 13. h4 Rc8 14. h5 h6 15. Be3
gxh5 16. gxh5 Kh8 17. f3 Ng8 18. Nc4 Be8 19. Bf2 b5 20. Ne3 b4 21. Nb5 f5 22.
Nxf5 Rxf5 23. exf5 Qb6 24. a4 bxa3 25. Nxa3 Qb4+ 26. Kf1 Nb3 27. Be1 Qb8 28.
Rb1 Ne7 29. Nc4 Nd4 30. Ne3 Bb5 31. Bxb5 Qxb5+ 32. Kg2 Nexf5 33. Nxf5 Nxf5 34.
Bf2 Bf6 35. Rh3 Bg5 36. Kh1 Bf4 37. Qe1 Qxd5 38. Qe4 Qe6 39. Rg1 d5 40. Qd3 Bg5
41. Rh2 e4 42. fxe4 dxe4 43. Qe2 a4 44. Rhg2 Kh7 45. Rg4 Re8 46. Re1 e3 47. Bg1
Qf7 48. Rg2 Nh4 49. Qd3+ Kg8 50. Rf1 Qe6 51. Rh2 Qc6+ 0-1

[Event "CN Seniori 2012"]
[Site "Sarata Monteoru/Romania"]
[Date "2012.02.18"]
[Round "7.5"]
[White "Gilea, Lucian"]
[Black "Miron, Lucian-Costin"]
[Result "1/2-1/2"]
[ECO "D47"]
[WhiteElo "2261"]
[BlackElo "2525"]
[PlyCount "48"]
[EventDate "2012.??.??"]
[TimeControl "5400"]

1. d4 d5 2. c4 e6 3. Nf3 Nf6 4. Nc3 c6 5. e3 Nbd7 6. Bd3 dxc4 7. Bxc4 b5 8. Bb3
b4 9. Ne2 Ba6 10. O-O c5 11. Ba4 cxd4 12. Nfxd4 Bc5 13. Nc6 Qc7 14. a3 bxa3 15.
b4 Bxe2 16. Qxe2 Bd6 17. Bxa3 Nb6 18. Bb5 O-O 19. Rac1 Bxh2+ 20. Kh1 Bd6 21.
Na5 Qe7 22. Nc6 Qc7 23. Na5 Qe7 24. Nc6 Qc7 1/2-1/2

[Event "CN Seniori 2012"]
[Site "Sarata Monteoru/Romania"]
[Date "2012.02.18"]
[Round "7.6"]
[White "Jianu, Vlad"]
[Black "Baratosi, Daniel"]
[Result "1-0"]
[ECO "A14"]
[WhiteElo "2508"]
[BlackElo "2418"]
[PlyCount "163"]
[EventDate "2012.??.??"]
[TimeControl "5400"]

1. c4 Nf6 2. Nf3 e6 3. g3 d5 4. b3 Be7 5. Bg2 O-O 6. O-O b6 7. Bb2 Bb7 8. e3
Nbd7 9. Nc3 c5 10. Qe2 Rc8 11. Rac1 dxc4 12. bxc4 Qc7 13. Rfd1 Rfd8 14. a4 Qb8
15. d3 Ne8 16. h4 h6 17. a5 Nc7 18. axb6 axb6 19. d4 cxd4 20. exd4 Bb4 21. Ne4
Ne8 22. Ne1 Ba6 23. d5 exd5 24. Rxd5 Nc5 25. Be5 Qa7 26. Nxc5 bxc5 27. Nd3 Qe7
28. Qb2 Bb7 29. Rxd8 Rxd8 30. Bxb7 Rxd3 31. Qb1 Rd8 32. Qe4 Nd6 33. Bxd6 Qxe4
34. Bxe4 Rxd6 35. Ra1 g5 36. h5 Rd7 37. Ra8+ Kg7 38. Rc8 Re7 39. Bf3 Re1+ 40.
Kg2 Re7 41. Bd5 Ba3 42. f3 Bb4 43. Kh3 Rd7 44. Rc6 Re7 45. Kg4 Ra7 46. f4 gxf4
47. gxf4 Re7 48. f5 f6 49. Be6 Ra7 50. Kf4 Ra1 51. Rc7+ Kh8 52. Ke4 Rd1 53.
Rc8+ Kg7 54. Rc7+ Kh8 55. Bf7 Rd4+ 56. Kf3 Rd3+ 57. Ke2 Rd4 58. Be6 Rh4 59. Kd3
Rd4+ 60. Kc2 Rh4 61. Rf7 Rh2+ 62. Kb3 Rh3+ 63. Ka4 Bc3 64. Rf8+ Kg7 65. Rf7+
Kh8 66. Rc7 Bd4 67. Bf7 Rh2 68. Kb5 Rb2+ 69. Kc6 Rb8 70. Kd7 Kg7 71. Bd5 Rf8
72. Rb7 Kh8 73. Ke7 Kg7 74. Be6 Be5 75. Ra7 Bd4 76. Ra2 Rb8 77. Bd5 Rc8 78. Ra7
Rf8 79. Be6 Rb8 80. Bd7 Rf8 81. Be8 Kg8 82. Ra2 1-0

[Event "CN Seniori 2012"]
[Site "Sarata Monteoru/Romania"]
[Date "2012.02.18"]
[Round "7.9"]
[White "Florescu, Codrut-Constantin"]
[Black "Parligras, Mircea-Emilian"]
[Result "0-1"]
[ECO "D29"]
[WhiteElo "2282"]
[BlackElo "2650"]
[PlyCount "58"]
[EventDate "2012.??.??"]
[TimeControl "5400"]

1. d4 Nf6 2. c4 e6 3. Nf3 d5 4. Nc3 dxc4 5. e3 a6 6. Bxc4 b5 7. Bb3 Bb7 8. O-O
c5 9. Qe2 Nbd7 10. Rd1 Qb8 11. d5 c4 12. dxe6 fxe6 13. Bc2 Bd6 14. Ng5 O-O 15.
f4 Nc5 16. b4 cxb3 17. axb3 h6 18. b4 hxg5 19. bxc5 Bxc5 20. fxg5 Qe5 21. gxf6
Rxf6 22. Rd4 Raf8 23. Rh4 Rf1+ 24. Qxf1 Rxf1+ 25. Kxf1 Qf6+ 26. Rf4 Qxc3 27.
Ra2 Bxe3 28. Bxe3 Qxe3 29. g3 Bd5 0-1

[Event "CN Seniori 2012"]
[Site "Sarata Monteoru/Romania"]
[Date "2012.02.18"]
[Round "7.11"]
[White "Dumitrascu, Cornel"]
[Black "Anton, Teodor"]
[Result "0-1"]
[ECO "E20"]
[WhiteElo "2086"]
[BlackElo "2393"]
[PlyCount "92"]
[EventDate "2012.??.??"]
[TimeControl "5400"]

1. d4 Nf6 2. c4 e6 3. Nc3 Bb4 4. f3 O-O 5. e4 d5 6. e5 Nfd7 7. a3 Bxc3+ 8. bxc3
dxc4 9. Bxc4 Nxe5 10. Be2 Ng6 11. Nh3 Nd7 12. O-O b6 13. f4 Bb7 14. Bf3 Bxf3
15. Qxf3 Nf6 16. a4 Qd5 17. Bd2 Ne4 18. Be1 f5 19. Nf2 Nxf2 20. Rxf2 Qxf3 21.
Rxf3 Kf7 22. g3 Rfd8 23. Bf2 Ne7 24. Re3 Nd5 25. Rd3 Nf6 26. Rad1 c6 27. c4 Rd7
28. Kf1 Rad8 29. Ke2 Ne4 30. Bg1 c5 31. a5 bxa5 32. Ra1 cxd4 33. Rxa5 a6 34. h3
Rc8 35. Rxd4 Rxd4 36. Bxd4 Rxc4 37. Kd3 Rc6 38. g4 Nd6 39. g5 Kg6 40. Ra1 Nf7
41. Ra2 h6 42. gxh6 Kxh6 43. Rb2 g5 44. Rb7 Kg6 45. fxg5 e5 46. Bc3 e4+ 0-1

[Event "CN Seniori 2012"]
[Site "Sarata Monteoru/Romania"]
[Date "2012.02.18"]
[Round "7.12"]
[White "Miroiu, George-Catalin"]
[Black "Mosnegutu, Klauss"]
[Result "1/2-1/2"]
[ECO "E38"]
[WhiteElo "2342"]
[BlackElo "2246"]
[PlyCount "157"]
[EventDate "2012.??.??"]
[TimeControl "5400"]

1. d4 Nf6 2. c4 e6 3. Nc3 Bb4 4. Qc2 c5 5. dxc5 Qa5 6. Bd2 Na6 7. a3 Nxc5 8.
Rd1 Bxc3 9. Bxc3 Qa4 10. Qxa4 Nxa4 11. Be5 d5 12. cxd5 exd5 13. b3 Nb6 14. Bxf6
gxf6 15. Nf3 Be6 16. Nd4 Ke7 17. e3 Rac8 18. Bd3 a6 19. Kd2 h6 20. Rc1 Kd6 21.
Rxc8 Bxc8 22. Rc1 Bd7 23. Be2 Rc8 24. Rxc8 Nxc8 25. b4 Na7 26. Bh5 Be6 27. Kc3
Nc8 28. Be2 Ne7 29. Bd3 Bd7 30. Nb3 Nc6 31. f4 Bc8 32. Be2 Bd7 33. Bh5 Nd8 34.
Nd4 Be6 35. Bd1 Bd7 36. Be2 Kc7 37. Kd2 Nc6 38. Kc3 Kd6 39. Bd3 Nxd4 40. Kxd4
f5 41. Be2 f6 42. Bh5 Be6 43. a4 Bd7 44. a5 Be6 45. g3 Kc6 46. Bf3 Kb5 47. Kc3
Kc6 48. Bd1 Kd6 49. Kd4 Bd7 50. Bb3 Be6 51. Ba4 Bf7 52. Bd1 Be6 53. h3 Kc6 54.
Bh5 Kb5 55. Kc3 Kc6 56. Be8+ Kd6 57. Kd4 Ke7 58. Ba4 Kd6 59. Bd1 Kc6 60. Be2
Kd6 61. b5 axb5 62. Bxb5 Bc8 63. Be8 Be6 64. Ba4 Bc8 65. Bb5 Be6 66. Be2 Bd7
67. a6 bxa6 68. Bxa6 Ba4 69. Bb7 Bb3 70. Kc3 Ba2 71. Kc2 Kc5 72. Kb2 Bc4 73.
Kc3 Bf1 74. h4 Bg2 75. Ba6 Bf3 76. Bd3 Be4 77. Bxe4 dxe4 78. h5 Kb5 79. Kd4
1/2-1/2

[Event "CN Seniori 2012"]
[Site "Sarata Monteoru/Romania"]
[Date "2012.02.18"]
[Round "7.13"]
[White "Stegariu, Vlad-Ionut"]
[Black "Doros, Radu-Marian"]
[Result "0-1"]
[ECO "D93"]
[WhiteElo "2202"]
[BlackElo "2338"]
[PlyCount "180"]
[EventDate "2012.??.??"]
[TimeControl "5400"]

1. d4 Nf6 2. c4 g6 3. Nc3 d5 4. Nf3 Bg7 5. Bf4 O-O 6. e3 c5 7. dxc5 Ne4 8. Nxd5
Na6 9. Bd3 Nexc5 10. Be5 f6 11. Bc3 e6 12. Nf4 e5 13. Nd5 e4 14. Bc2 exf3 15.
Qxf3 Be6 16. Rd1 Bxd5 17. Rxd5 Qe7 18. O-O f5 19. Bxg7 Kxg7 20. a3 Nc7 21. Rdd1
Rad8 22. Qf4 N5e6 23. Qf3 Nc5 24. Qe2 a5 25. Qe1 Rxd1 26. Bxd1 b6 27. Bf3 Rd8
28. b4 axb4 29. axb4 Nd3 30. Qc3+ Qf6 31. Qa3 Ne5 32. c5 Nxf3+ 33. gxf3 bxc5
34. bxc5 Qc6 35. Kg2 Rd5 36. Rc1 h5 37. Qb4 Ne6 38. Qb2+ Kf7 39. Qh8 Rxc5 40.
Ra1 Nc7 41. Qh7+ Kf6 42. Qh8+ Ke6 43. Qg7 Qe8 44. Ra7 Qf7 45. Qh8 f4 46. Qc8+
Kd6 47. Qd8+ Kc6 48. e4 Qd7 49. Qf6+ Qd6 50. Qa1 Rg5+ 51. Kh1 Rb5 52. Ra3 Qe5
53. Rc3+ Kb7 54. Qc1 Kc8 55. Qc2 Rb6 56. Rd3 Qb2 57. Qc5 Qb1+ 58. Kg2 Rb5 59.
Qf8+ Kb7 60. Rc3 Rg5+ 61. Kh3 Qf1+ 62. Kh4 Rb5 63. Rxc7+ Kxc7 64. Qxf4+ Kc6 65.
Qf6+ Kc5 66. Qe5+ Kc4 67. Qg3 Qc1 68. f4 Qe1 69. e5 Qe4 70. f3 Qc2 71. Qe1
Qxh2+ 72. Kg5 Qg2+ 73. Kh6 Qxf3 74. Qc1+ Kd4 75. e6 Rb3 76. e7 Re3 77. Qc7 Qe4
78. Qb6+ Kd3 79. Qb5+ Kd2 80. Qg5 Qxe7 81. Qd5+ Kc3 82. Qa5+ Kd4 83. Qb6+ Kd5
84. Qb5+ Ke4 85. Qc4+ Kf5 86. Qd3+ Kg4 87. Qd1+ Kxf4 88. Qf1+ Rf3 89. Qc1+ Qe3
90. Qc7+ Kg4+ 0-1

[Event "CN Seniori 2012"]
[Site "Sarata Monteoru/Romania"]
[Date "2012.02.18"]
[Round "7.14"]
[White "Stanciu, Alexandru-Ovidiu"]
[Black "Baciu, Stefan"]
[Result "1-0"]
[ECO "C66"]
[WhiteElo "2314"]
[BlackElo "2222"]
[PlyCount "93"]
[EventDate "2012.??.??"]
[TimeControl "5400"]

1. e4 e5 2. Nf3 Nc6 3. Bb5 Nf6 4. O-O d6 5. Re1 Bd7 6. c4 Be7 7. Nc3 a6 8. Ba4
O-O 9. Nd5 Nxd5 10. cxd5 Nb8 11. d4 Bg4 12. dxe5 dxe5 13. h3 Bxf3 14. Qxf3 b5
15. Bc2 c5 16. Rd1 Qd6 17. Bd2 Nd7 18. b3 Rfc8 19. Qe2 Nb6 20. Rab1 Rcb8 21.
Bd3 Nd7 22. Bc3 Bf6 23. g3 Qb6 24. Kg2 Qd6 25. h4 Rc8 26. Rdc1 Nb6 27. Bb2 Nd7
28. Rc2 Rab8 29. Ba3 Qb6 30. Bc1 Be7 31. Be3 Qg6 32. Rh1 Qd6 33. Rhc1 f5 34.
exf5 Qxd5+ 35. f3 Nf6 36. Bf2 Nd7 37. a4 Qxb3 38. axb5 axb5 39. Rb2 Qa3 40.
Bxb5 Kh8 41. Rcb1 Nf6 42. Ra2 Qc3 43. Be1 Qd4 44. Rd2 Rxb5 45. Qxb5 Qe3 46. Qe2
Qa3 47. Ra2 1-0

[Event "CN Seniori 2012"]
[Site "Sarata Monteoru/Romania"]
[Date "2012.02.18"]
[Round "7.15"]
[White "Martian, Dragos-Daniel"]
[Black "Danilov, Vladimir"]
[Result "1-0"]
[ECO "C77"]
[WhiteElo "2074"]
[BlackElo "2440"]
[PlyCount "113"]
[EventDate "2012.??.??"]
[TimeControl "5400"]

1. e4 e5 2. Nf3 Nc6 3. Bb5 a6 4. Ba4 Nf6 5. Qe2 Qe7 6. c3 g6 7. O-O b5 8. Bb3
Bg7 9. Rd1 O-O 10. d3 d6 11. Nbd2 Na5 12. Bc2 c5 13. d4 cxd4 14. cxd4 Bh6 15.
Nf1 Bxc1 16. Raxc1 Bg4 17. d5 Nh5 18. N1d2 Rfc8 19. Bd3 Qa7 20. Qe3 Qxe3 21.
fxe3 b4 22. h3 Bd7 23. Kf2 Nf6 24. Ne1 Ba4 25. b3 Bd7 26. Rxc8+ Bxc8 27. Rc1
Rb8 28. Nc4 Nxc4 29. Rxc4 Bd7 30. Rc7 Bb5 31. Kf3 Ne8 32. Ra7 Bxd3 33. Nxd3 f5
34. exf5 gxf5 35. Nb2 Rb5 36. e4 Nf6 37. exf5 Rxd5 38. Rxa6 h5 39. g4 hxg4+ 40.
hxg4 Rd2 41. Nc4 e4+ 42. Kf4 Rf2+ 43. Kg5 Nh7+ 44. Kg6 d5 45. Ne5 Nf8+ 46. Kf6
Nh7+ 47. Ke7 Nf8 48. Ra8 e3 49. Rxf8+ Kh7 50. Kf6 Rxa2 51. Rf7+ Kg8 52. Rg7+
Kf8 53. Ng6+ Ke8 54. Re7+ Kd8 55. Rxe3 Rd2 56. Nf4 d4 57. Rd3 1-0

[Event "CN Seniori 2012"]
[Site "Sarata Monteoru/Romania"]
[Date "2012.02.18"]
[Round "7.17"]
[White "Bida, Mihai-Eugen"]
[Black "Dobre, Claudiu-Cristian"]
[Result "1-0"]
[ECO "C66"]
[WhiteElo "2183"]
[BlackElo "2354"]
[PlyCount "86"]
[EventDate "2012.??.??"]
[TimeControl "5400"]

1. e4 e5 2. Nf3 Nc6 3. Bb5 d6 4. d4 Bd7 5. Nc3 Nf6 6. O-O Be7 7. Re1 O-O 8.
Bxc6 Bxc6 9. dxe5 dxe5 10. Qxd8 Raxd8 11. Nxe5 Bxe4 12. Nxe4 Nxe4 13. Nd3 f5
14. f3 Bc5+ 15. Nxc5 Nxc5 16. Bg5 Rd5 17. Be7 Na4 18. Bxf8 Kxf8 19. Rad1 Rxd1
20. Rxd1 Ke7 21. Rd5 b6 22. b3 Nc3 23. Rxf5 Nxa2 24. Re5+ Kf7 25. Re4 a5 26.
Kf2 c5 27. Ke1 Nc3 28. Re3 Nb5 29. Kd2 Nd6 30. c4 Kf6 31. Rd3 Ke6 32. Kc3 Ke7
33. Rd5 Ke6 34. Kb2 Ke7 35. Ka3 Ke6 36. Ka4 b5+ 37. Kxa5 bxc4 38. Rxd6+ Kxd6
39. bxc4 Ke5 40. f4+ Kxf4 41. Kb5 h5 42. Kxc5 Ke3 43. Kd5 h4 1-0

[Event "CN Seniori 2012"]
[Site "Sarata Monteoru/Romania"]
[Date "2012.02.18"]
[Round "7.18"]
[White "Dragomirescu, Robin-Alexandru"]
[Black "Malureanu, Costin-George"]
[Result "1/2-1/2"]
[ECO "B31"]
[WhiteElo "2340"]
[BlackElo "2139"]
[PlyCount "90"]
[EventDate "2012.??.??"]
[TimeControl "5400"]

1. e4 c5 2. Nf3 Nc6 3. Bb5 g6 4. Bxc6 dxc6 5. d3 Bg7 6. h3 Nf6 7. Nc3 c4 8. O-O
cxd3 9. cxd3 O-O 10. Be3 b6 11. Qd2 c5 12. d4 cxd4 13. Bxd4 Bb7 14. Qe3 e6 15.
a4 Qe7 16. a5 Rfc8 17. axb6 axb6 18. Bxb6 Nd7 19. Bd4 e5 20. Ba7 Nf6 21. Na4
Rc7 22. Bc5 Qe8 23. Nc3 Rxa1 24. Rxa1 Bxe4 25. Bd6 Rd7 26. Nxe4 Nxe4 27. Qxe4
Rxd6 28. b4 Rd8 29. Ra7 Qb5 30. Ng5 Bf8 31. Rxf7 Qxb4 32. Qf3 Qd2 33. Ne6 Qd1+
34. Kh2 Qxf3 35. Rxf3 Re8 36. Nxf8 Rxf8 37. Kg3 Re8 38. Kg4 Kg7 39. h4 Ra8 40.
Rb3 Ra4+ 41. Kg3 Kf6 42. Rb6+ Kf5 43. h5 Kg5 44. Rb5 Kxh5 45. Rxe5+ Kh6 1/2-1/2

[Event "CN Seniori 2012"]
[Site "Sarata Monteoru/Romania"]
[Date "2012.02.18"]
[Round "8.1"]
[White "Manolache, Marius"]
[Black "Nevednichy, Vladislav"]
[Result "1-0"]
[ECO "E87"]
[WhiteElo "2552"]
[BlackElo "2546"]
[Annotator "Robot 4"]
[PlyCount "67"]
[EventDate "2012.??.??"]
[TimeControl "40/5400+30:900+30"]

1. d4 Nf6 2. c4 g6 3. Nc3 Bg7 4. e4 d6 5. f3 O-O 6. Be3 e5 7. d5 Nh5 8. Qd2 f5
9. Bg5 Qe8 10. exf5 gxf5 11. O-O-O a6 12. Re1 Qf7 13. Bd3 b5 14. Nge2 Nd7 15.
g4 e4 16. gxh5 exd3 17. Rhg1 Kh8 18. Nf4 Ne5 19. Rg3 Bd7 20. h6 Bf6 21. Bxf6+
Qxf6 22. Nxd3 Nxd3+ 23. Qxd3 Qxh6+ 24. Qd2 Qxd2+ 25. Kxd2 f4 26. Rg5 Rf7 27.
Re4 bxc4 28. Rxc4 Bh3 29. Re4 Raf8 30. Ne2 h6 31. Rh5 Bg2 32. Rxh6+ Kg7 33.
Ree6 Rf6 34. Rexf6 1-0

[Event "CN Seniori 2012"]
[Site "Sarata Monteoru/Romania"]
[Date "2012.02.18"]
[Round "8.2"]
[White "Lupulescu, Constantin"]
[Black "Jianu, Vlad-Cristian"]
[Result "1/2-1/2"]
[ECO "D11"]
[WhiteElo "2648"]
[BlackElo "2508"]
[Annotator "Robot 4"]
[PlyCount "45"]
[EventDate "2012.??.??"]
[TimeControl "40/5400+30:900+30"]

1. d4 Nf6 2. c4 c6 3. Nf3 d5 4. e3 Bg4 5. h3 Bh5 6. Qb3 Qb6 7. Nc3 e6 8. Nh4
Qxb3 9. axb3 Na6 10. g4 Nb4 11. Ra4 Bg6 12. Nxg6 hxg6 13. f3 a5 14. Kf2 b6 15.
Kg2 Be7 16. Be2 Kd7 17. Bd2 Kc7 18. Raa1 Kb7 19. Rad1 Rad8 20. Be1 g5 21. Bf2
Nd7 22. Rd2 Nf8 23. Bg3 1/2-1/2